[Event "Early-Titled-Tuesday-Blitz-March-19-2024"]
[Site "Chess.com"]
[Date "2024.03.19"]
[Round "10"]
[White "cthulhuuu"]
[Black "Iskusnyh"]
[Result "0-1"]
[WhiteElo "2405"]
[BlackElo "2643"]
[TimeControl "180+1"]
[EndTime "9:55:32 PDT"]
[Termination "Iskusnyh won by resignation"]

1. e4 e6 2. d3 c5 3. Nf3 Nc6 4. g3 g6 5. Bg2 Bg7 6. O-O Nge7 7. Re1 e5 8. Nc3 O-O 9. Nd2 d6 10. Nc4 Be6 11. Nd5 Qd7 12. a4 f5 13. f4 Kh8 14. c3 Bg8 15. a5 fxe4 16. dxe4 exf4 17. Bxf4 Ne5 18. Nxe5 dxe5 19. Be3 Rac8 20. c4 Qd6 21. Qb3 Rb8 22. Qb5 b6 23. axb6 axb6 24. Ra6 Nxd5 25. cxd5 Bf7 26. b4 Be8 27. bxc5 Bxb5 28. cxd6 Bxa6 29. Ra1 Bb5 30. Bh3 Rfd8 31. Bg5 Rxd6 32.
Be7 Rdd8 33. Bxd8 Rxd8 34. Rb1 Bd3 35. Rxb6 Bxe4 36. d6 Bf5 37. Bg2 e4 38. g4 Bd4+ 39. Kf1 Bxb6 40. gxf5 Rxd6 0-1

[Event "Early-Titled-Tuesday-Blitz-March-19-2024"]
[Site "Chess.com"]
[Date "2024.03.19"]
[Round "10"]
[White "ChempionBg"]
[Black "mary-sanna"]
[Result "0-1"]
[WhiteElo "2331"]
[BlackElo "2212"]
[TimeControl "180+1"]
[EndTime "9:55:32 PDT"]
[Termination "mary-sanna won by checkmate"]

1. d4 d5 2. c4 e6 3. Nf3 Nf6 4.
g3 dxc4 5. Bg2 Bd7 6. Ne5 Bc6 7. Nxc6 Nxc6 8. Bxc6+ bxc6 9. O-O c5 10. Qa4+ Qd7 11. Qxc4 cxd4 12. Rd1 c5 13. e3 e5 14. exd4 cxd4 15. f4 Rc8 16. Qe2 e4 17. Nc3 d3 18.
Qe1 Bc5+ 19. Be3 O-O 20. Bxc5 Rxc5 21. Nxe4 Qd4+ 22. Nf2 Rc2 23. Rxd3 Qxb2 24. Rb3 Qd4 25. Rd1 Qc5 26. Qe3 Qxe3 27. Rxe3 Rxa2 28. Re7 a5 29. Ra7 h5 30. Rb1 Rc8 31. Rbb7 Rc1+ 32. Kg2 Rcc2 33.
Rxf7 Rxf2+ 34. Kg1 Rg2+ 35. Kf1 Ne8 36. Rfe7 Rgf2+ 37. Ke1 Rxh2 38. Rxe8+ Kh7 39. Kd1 Ra1# 0-1

[Event "Early-Titled-Tuesday-Blitz-March-19-2024"]
[Site "Chess.com"]
[Date "2024.03.19"]
[Round "10"]
[White "ljuks68"]
[Black "AlexandraSamaganova"]
[Result "0-1"]
[WhiteElo "2429"]
[BlackElo "2314"]
[TimeControl "180+1"]
[EndTime "9:55:33 PDT"]
[Termination "AlexandraSamaganova won on time"]

1. e4 c5 2. Nf3 e6 3. d4 cxd4 4. Nxd4 a6 5. Bd3 Qc7 6. Qe2 d6 7. O-O Nf6 8. c4 Be7 9. Nc3 Nbd7 10. f4 O-O 11. Bd2 b6 12. Rae1 Bb7 13. Kh1 Rac8 14. b3 Nc5 15. Bc2 g6 16. f5 e5 17.
Nf3 Kh8 18. Nd5 Bxd5 19. cxd5 Na4 20. Bd3 Nc3 21. Qe3 Ng4 22. Qg1 Qc5 23. h3 Nf6 24. g4 Qxg1+ 25. Kxg1 Nxa2 26. Ra1 Nc3 27. Rfe1 b5 28. Rxa6 Rc7 29. g5 Nh5 30. f6 Bd8 31. Rxd6 Rc8 32. Nxe5 Bc7 33. Rc6 Bxe5 34. Rc1 Rxc6 35. dxc6 b4 36. Bc4 Ng3 37. Be3 Nge2+ 0-1

[Event "Early-Titled-Tuesday-Blitz-March-19-2024"]
[Site "Chess.com"]
[Date "2024.03.19"]
[Round "10"]
[White "Firouzja2003"]
[Black "MagnusCarlsen"]
[Result "1-0"]
[WhiteElo "3107"]
[BlackElo "3253"]
[TimeControl "180+1"]
[EndTime "9:55:35 PDT"]
[Termination "Firouzja2003 won on time"]

1. Nf3 d5 2. g3 b6 3. Bg2 Bb7 4. O-O Nd7 5. d4 Ngf6 6. c4 dxc4 7. Na3 c3 8. bxc3 e6 9. c4 Be7 10. Bb2 O-O 11. Rc1 Qc8 12. Nb5 c5 13. d5 exd5 14.
Nh4 d4 15. Nf5 Re8 16. Nxe7+ Rxe7 17. Nd6 Qc7 18. Nxb7 Rb8 19. e3 Ne4 20. exd4 Qxb7 21. d5 Nd6 22. Re1 Rbe8 23. Rxe7 Rxe7 24. Bf1 Ne5 25. Rc3 Qd7 26. Qc2 h6 27. Re3 f6 28.
h3 Nef7 29. Bc1 Rxe3 30. Bxe3 Ne5 31. Be2 Qxh3 32. Bf4 Qf5 33. Qa4 Qb1+ 34. Bf1 Ndxc4 35. Bxe5 Nxe5 36. d6 Qf5 37. f4 Nf7 38. Qe8+ Kh7 39. Qxf7 1-0

[Event "Early-Titled-Tuesday-Blitz-March-19-2024"]
[Site "Chess.com"]
[Date "2024.03.19"]
[Round "10"]
[White "Dacean99"]
[Black "HajiyevKanan"]
[Result "0-1"]
[WhiteElo "2630"]
[BlackElo "2542"]
[TimeControl "180+1"]
[EndTime "9:55:35 PDT"]
[Termination "HajiyevKanan won by checkmate"]

1. e4 c6 2. d4 d5 3. e5 a6 4. c4 Bf5 5. Nc3 e6 6. g4 Bg6 7. h4 h5 8. g5 dxc4 9. Bxc4 Nd7 10.
Nge2 Ne7 11. Nf4 Nb6 12. Bb3 Bf5 13. Be3 g6 14. Qf3 Nbd5 15. Ne4 Bxe4 16. Qxe4 Nf5 17. O-O-O Be7 18. Kb1 O-O 19. Rh3 a5 20. Bc2 Nxf4 21.
Bxf4 a4 22. Bc1 Qd5 23. Qe2 Nxd4 24. Rxd4 Qxd4 25. Rd3 Qxh4 26. Rd7 Bxg5 27. f4 Bxf4 28. Rd4 Qh2 29. Qc4 Bxe5 30. Rd7 b5 31. Qe4 Bg7 32. Bg5 Qe5 33. Qxe5 Bxe5 34. Be4 Rac8 35. a3 Kg7 36. Kc2 Bf6 37. Bf4 g5 38. Be3 h4 39.
Bg2 Rfd8 40. Rb7 g4 41. Bb6 h3 42. Be4 Rd6 43. Bc7 Rd7 44. Rb6 Rdxc7 45. Ra6 g3 46. Rb6 g2 47. Bxg2 hxg2 48. Rxc6 Rxc6+ 49. Kb1 g1=Q+ 50. Ka2 Bxb2 51. Kxb2 Rc2# 0-1

[Event "Early-Titled-Tuesday-Blitz-March-19-2024"]
[Site "Chess.com"]
[Date "2024.03.19"]
[Round "10"]
[White "Szachulec75"]
[Black "stepanosinovsky"]
[Result "1-0"]
[WhiteElo "2242"]
[BlackElo "2334"]
[TimeControl "180+1"]
[EndTime "9:55:35 PDT"]
[Termination "Szachulec75 won on time"]

1. Nf3 Nf6 2. g3 g6 3. Bg2 Bg7 4. O-O O-O 5. d3 d6 6. Nbd2 e5 7. e4 Nh5 8. c3 f5 9. exf5 Bxf5 10. Nc4 Kh8 11. h3 Nf6 12. Bg5 h6 13. Bxf6 Qxf6 14. Nh4 Bc8 15. f4 exf4 16. Rxf4 Qg5 17. Rxf8+ Bxf8 18. Qf3 Bg7 19. Re1 Bd7 20. Qxb7 Qxg3 21.
Re3 Qxh4 22. Qxa8 Qd8 23. Qe4 Kh7 24. Qe7 Qg8 25. b3 Bf5 26. d4 Nd7 27. Qe8 Nf8 28. Nd2 h5 29. Nf3 Bh6 30. Re7+ Kh8 31. Nh2 Bb1 32.
Nf1 Bxa2 33. Rxc7 Bxb3 34. Qe7 Bc4 35. Rxc4 Qxc4 36. Qf6+ Bg7 37. Qg5 Qxc3 38. d5 a5 39. Nd2 a4 40. Ne4 Qd4+ 41. Kh1 1-0

[Event "Early-Titled-Tuesday-Blitz-March-19-2024"]
[Site "Chess.com"]
[Date "2024.03.19"]
[Round "10"]
[White "Grischuk"]
[Black "Mops_2004"]
[Result "0-1"]
[WhiteElo "3062"]
[BlackElo "2761"]
[TimeControl "180+1"]
[EndTime "9:55:37 PDT"]
[Termination "Mops_2004 won by resignation"]

1. d4 d5 2. Nf3 Nf6 3. Bg5 e6 4. Nbd2 Be7 5. e3 O-O 6. Bd3 b6 7. O-O c5 8. dxc5 bxc5 9. c4 Bb7 10. Rc1 Nbd7 11. Qb3 Qb6 12. Rfd1 h6 13. Bh4 Rfd8 14. h3 d4 15. Qc2 Rac8 16. Re1 a5 17. e4 e5 18. Bg3 Bd6 19. Nh4 g6 20. Nhf3 Kg7 21.
Red1 Re8 22. Rb1 Bc6 23. Ne1 Nf8 24. Bf1 Ne6 25. f3 Nh5 26. Bf2 Qd8 27. g3 Qg5 28. h4 Qe7 29. Nd3 f5 30. exf5 gxf5 31. Re1 Qf6 32.
Bg2 f4 33. g4 Ng3 34. Bxg3 fxg3 35. Ne4 Bxe4 36. Rxe4 Qxh4 37. Qa4 Re7 38. Rbe1 Ng5 39. R4e2 Qh2+ 40. Kf1 e4 41. Qxa5 Rf8 42. Nf2 gxf2 43. Rxf2 e3 0-1

[Event "Early-Titled-Tuesday-Blitz-March-19-2024"]
[Site "Chess.com"]
[Date "2024.03.19"]
[Round "10"]
[White "RebecaJimnz"]
[Black "atalz0"]
[Result "0-1"]
[WhiteElo "2254"]
[BlackElo "2372"]
[TimeControl "180+1"]
[EndTime "9:55:37 PDT"]
[Termination "atalz0 won on time"]

1. e4 d5 2. exd5 Nf6 3. d4 Nxd5 4. c4 Nb6 5. Nf3 Bg4 6. c5 N6d7 7. Bc4 e6 8. Qb3 Bxf3 9. Qxf3 Nc6 10. Be3 Qf6 11. Qd1 O-O-O 12. O-O Nxc5 13. Nc3 Nxd4 14. Qc1 Be7 15. b4 Nd7 16. Rd1 Nb6 17. Ne4 Qe5 18. f3 Nxc4 19. Qxc4 Nf5 20. Bf2 Rxd1+ 21. Rxd1 Rd8 22.
Rc1 b6 23. a4 Kb8 24. a5 Rc8 25. axb6 axb6 26. Bxb6 Qd5 27. Qa6 Qb7 28. Qxb7+ Kxb7 29. Bf2 Ra8 30. Nc5+ Bxc5 31. bxc5 Kc6 32. Rd1 Ne7 33. g3 Nd5 34. Kg2 Ra2 35. Rd3 Rc2 36.
f4 Nf6 37. Kf3 h5 38. Rd8 Ng4 39. Bd4 Nxh2+ 40. Ke4 Ng4 41. Rg8 f5+ 0-1

[Event "Early-Titled-Tuesday-Blitz-March-19-2024"]
[Site "Chess.com"]
[Date "2024.03.19"]
[Round "10"]
[White "SlavenPastar"]
[Black "CarlosjPineror"]
[Result "1-0"]
[WhiteElo "2574"]
[BlackElo "2680"]
[TimeControl "180+1"]
[EndTime "9:55:38 PDT"]
[Termination "SlavenPastar won by resignation"]

1. b3 c5 2. Bb2 Nf6 3. Nf3 b6 4. g3 Bb7 5. Bg2 e6 6. O-O Be7 7. c4 O-O 8. d4 d6 9. Nc3 a6 10.
d5 exd5 11. Nh4 Nbd7 12. Nf5 Re8 13. Nxd5 Nxd5 14. Bxd5 Bxd5 15. Qxd5 Bf6 16. Bxf6 Nxf6 17. Qd3 d5 18. Rad1 d4 19. e3 g6 20. Nh4 Re4 21.
exd4 Rxd4 22. Qf3 Ra7 23. Rxd4 cxd4 24. Ng2 Rd7 25. Qd3 Rd6 26. Nf4 Kg7 27. Rd1 Ng4 28. Qe4 f5 29. Qb7+ Qd7 30. Qxd7+ Rxd7 31. Rxd4 Rxd4 32.
Ne6+ Kf6 33. Nxd4 Ke5 34. Nf3+ Ke4 35. Ng5+ Kd3 36. Nxh7 Kc3 37. Nf8 Ne5 38. f4 Nf3+ 39.
Kg2 Nd4 40. Nxg6 Kb2 41. h4 Nc6 42. h5 Nd8 43. Ne5 Ne6 44. h6 Nf8 45. b4 Kxa2 46.
c5 bxc5 47. bxc5 1-0

[Event "Early-Titled-Tuesday-Blitz-March-19-2024"]
[Site "Chess.com"]
[Date "2024.03.19"]
[Round "10"]
[White "RandomNoob04"]
[Black "noblerone"]
[Result "0-1"]
[WhiteElo "2640"]
[BlackElo "2558"]
[TimeControl "180+1"]
[EndTime "9:55:39 PDT"]
[Termination "noblerone won by checkmate"]

1. e4 c5 2. d4 cxd4 3. c3 Nf6 4. e5 Nd5 5. Nf3 e6 6. cxd4 d6 7. Bc4 Be7 8. O-O O-O 9. Qe2 b6 10. Bxd5 exd5 11. Nc3 Ba6 12. Nb5 Qd7 13. a4 Nc6 14. Bf4 Rfe8 15. Qd2 Bxb5 16. axb5 Na5 17. Rad1 dxe5 18.
dxe5 Qxb5 19. Qxd5 Qxb2 20. e6 f6 21. Nd4 Rad8 22.
Qe4 Qb4 23. Bc7 Rc8 24. Bg3 Rc4 25. Qd3 Rd8 26. Qf3 Rcxd4 27. Rb1 Qc5 28. h4 Qd5 29. Qe3 Rd3 30. Qe2 Rxg3 31. fxg3 Qc5+ 32. Kh1 Re8 33. Rfc1 Qd6 34. Rd1 Qxg3 35. Rd3 Qxh4+ 36. Rh3 Qg5 37. Rb5 Bc5 38. Rbb3 Qc1+ 39. Kh2 Qg1+ 40. Kg3 Qd4 41. Rf3 Bd6+ 42. Rf4 Qxf4# 0-1

[Event "Early-Titled-Tuesday-Blitz-March-19-2024"]
[Site "Chess.com"]
[Date "2024.03.19"]
[Round "10"]
[White "AA95"]
[Black "RianKapriaga"]
[Result "1-0"]
[WhiteElo "2474"]
[BlackElo "2348"]
[TimeControl "180+1"]
[EndTime "9:55:39 PDT"]
[Termination "AA95 won on time"]

1. Nf3 Nf6 2. g3 d5 3. Bg2 Bf5 4. O-O e6 5. c3 h6 6. Qb3 Qc8 7. d3 c6 8. Nbd2 Nbd7 9. Re1 Be7 10. e4 Bh7 11. e5 Ng8 12. d4 Bf8 13. a4 Ne7 14. h4 a6 15. a5 c5 16. c4 dxc4 17. Nxc4 Nf5 18. g4 Nxd4 19. Nxd4 cxd4 20. Bxb7 Nc5 21.
Bxc8 Nxb3 22. Bb7 Nxa1 23. Bc6+ Kd8 24. Bxa8 Bb4 25. Rd1 Ke7 26. Bb7 Bc2 27. Bg5+ hxg5 28. Rxa1 Rxh4 29. Bxa6 Rxg4+ 30. Kh2 d3 31. Bb5 d2 32. Ne3 Rh4+ 33. Kg3 Be4 34. f3 Ba8 35. a6 Bc5 36. Nc4 Rd4 37. Rd1 f6 38. Rxd2 Rxd2 39. exf6+ 1-0

[Event "Early-Titled-Tuesday-Blitz-March-19-2024"]
[Site "Chess.com"]
[Date "2024.03.19"]
[Round "10"]
[White "KorolDimitriy75"]
[Black "Barbix1"]
[Result "0-1"]
[WhiteElo "2394"]
[BlackElo "2291"]
[TimeControl "180+1"]
[EndTime "9:55:39 PDT"]
[Termination "Barbix1 won on time"]

1. d4 Nf6 2. c4 e6 3. Nc3 Bb4 4. Qc2 O-O 5. e4 Bxc3+ 6. bxc3 c5 7. e5 Ne8 8. Bd3 f5 9. exf6 Nxf6 10. Nf3 cxd4 11. cxd4 Nc6 12. Rb1 Qa5+ 13. Bd2 Qh5 14. O-O b6 15. Rfe1 Bb7 16. h3 Ne7 17. d5 Nf5 18.
Bc3 Rac8 19. Bxf5 exf5 20. Re7 Rf7 21. Rbe1 Rxc4 22. Rxf7 Qxf7 23. Qd3 Re4 24. Rc1 Qxd5 25. Qc2 Rc4 26. Qb2 Qc6 27. Bd2 Rxc1+ 28. Bxc1 Ne4 29. Be3 Nc5 30. Qe5 Qe6 31. Qc7 h6 32. Bxc5 bxc5 33. Qxb7 d5 34. Qxa7 c4 35. Qd4 Qc6 36. Ne5 Qc7 0-1

[Event "Early-Titled-Tuesday-Blitz-March-19-2024"]
[Site "Chess.com"]
[Date "2024.03.19"]
[Round "10"]
[White "GM_dmitrij"]
[Black "mishanick"]
[Result "1-0"]
[WhiteElo "3104"]
[BlackElo "3123"]
[TimeControl "180+1"]
[EndTime "9:55:42 PDT"]
[Termination "GM_dmitrij won by resignation"]

1. d4 Nf6 2. c4 e6 3. Nf3 d5 4. g3 Be7 5. Bg2 O-O 6. O-O dxc4 7.
Qc2 a6 8. a4 Bd7 9. Qxc4 b5 10.
Qc2 Nc6 11. Bd2 bxa4 12. Rc1 Nb4 13. Bxb4 Bxb4 14. Ne5 Rb8 15. Bc6 Bd6 16. Nxd7 Nxd7 17. Rxa4 Rb6 18. Nd2 Nf6 19. Bf3 Rb4 20. Rxb4 Bxb4 21.
Nb3 Bd6 22. Ra1 Qb8 23. Rxa6 Qb4 24. Qc3 Rb8 25. Nc5 Qxb2 26. Qxb2 Rxb2 27. Ra8+ Bf8 28. e4 h6 29. e5 Nh7 30. h4 g6 31. h5 gxh5 32. Rc8 Kg7 33. Rxc7 Ng5 34. Bxh5 Bxc5 35.
dxc5 Rc2 36. c6 Kg8 37. f4 Rc1+ 38. Kg2 Rc2+ 39. Kf1 Ne4 40. Bxf7+ Kf8 41. Bxe6 Nxg3+ 42. Ke1 Ne2 43. Bf5 Rb2 44. Rb7 Ra2 45. c7 1-0

[Event "Early-Titled-Tuesday-Blitz-March-19-2024"]
[Site "Chess.com"]
[Date "2024.03.19"]
[Round "10"]
[White "GrotBchess"]
[Black "Pumpkin_in_moonlight"]
[Result "1-0"]
[WhiteElo "2405"]
[BlackElo "2215"]
[TimeControl "180+1"]
[EndTime "9:55:44 PDT"]
[Termination "GrotBchess won by resignation"]

1. d4 Nf6 2. c4 g6 3. Nc3 Bg7 4. e4 d6 5. f3 O-O 6. Be3 e5 7. d5 a5 8. Qd2 Nfd7 9. g4 Na6 10. h4 Ndc5 11. h5 f5 12. hxg6 hxg6 13. Bh6 f4 14.
Qh2 Qe7 15. g5 Nb4 16. O-O-O a4 17. a3 Nb3+ 18. Kb1 Na6 19. Nh3 Nd4 20. Bg2 Bd7 21.
Nf2 Bxh6 22. gxh6 Kh7 23. Rdg1 Nc5 24. Nh3 Bxh3 25. Qxh3 Nd3 26. Nd1 Rg8 27. Bf1 Ne1 28. Bg2 Nxg2 29. Rxg2 Raf8 30. Nf2 Ne2 31. Qg4 Ng3 32. Rhh2 Qf7 33. Nh3 Qe7 34. Ng5+ Kh8 35. h7 Rg7 36. Rh6 Re8 37. Rgh2 Qd7 38. Qxd7 Rxd7 39.
Rxg6 Rg7 40. Rxg7 Kxg7 41. Ne6+ Kh8 42. Nxc7 Re7 43. Nb5 Rxh7 44. Rxh7+ Kxh7 45. Nxd6 Ne2 46. Nf7 Nd4 47. Nxe5 Kg7 48. d6 Kf6 49. d7 Ke7 50. Kc1 Ne2+ 51. Kd2 Nd4 52. Kd3 Nb3 53. Kc3 Nc5 54.
Kd4 Ne6+ 55. Kd5 Nd8 56. Kc5 Ne6+ 57. Kb6 Nd8 58. Kc7 Ne6+ 59. Kc8 Nd8 60. Ng6+ 1-0

[Event "Early-Titled-Tuesday-Blitz-March-19-2024"]
[Site "Chess.com"]
[Date "2024.03.19"]
[Round "10"]
[White "AnishOnYoutube"]
[Black "maciek_92"]
[Result "1-0"]
[WhiteElo "3050"]
[BlackElo "2901"]
[TimeControl "180+1"]
[EndTime "9:55:46 PDT"]
[Termination "AnishOnYoutube won by resignation"]

1. Nf3 d5 2. d4 Nf6 3. Bf4 c5 4. e3 Nc6 5. Nbd2 Nh5 6. Be5 f6 7. c4 fxe5 8. cxd5 Qxd5 9. Bc4 Qd6 10. Ng5 Nf6 11. Bf7+ Kd8 12. Nc4 Qb8 13. dxe5+ Kc7 14.
exf6 gxf6 15. Ne6+ Bxe6 16. Bxe6 Qe8 17. Qf3 b5 18.
Qf4+ Kb7 19. O-O bxc4 20. Qxc4 Rd8 21. b4 Ne5 22. Bd5+ Rxd5 23. Qxd5+ Qc6 24. Qxc5 e6 25. Qxc6+ Nxc6 26. a3 Bd6 27. Rfd1 Bc7 28. Rd7 Rd8 29. Rxh7 Kb6 30. Rc1 Be5 31. Rb1 Bb2 32. h4 Bxa3 33. b5 Ne5 34. h5 Rd2 35. h6 f5 36. Rh8 Ng4 37. h7 Bb2 38. Rb8+ Kc7 39. h8=Q Bxh8 40. Rxh8 Rxf2 41. Rh7+ Kd6 42. Rxa7 Re2 43. b6 Nxe3 44. b7 Rxg2+ 45. Kh1 Kd5 46. b8=Q Re2 47. Ra5+ Ke4 48.
Ra4+ 1-0

[Event "Early-Titled-Tuesday-Blitz-March-19-2024"]
[Site "Chess.com"]
[Date "2024.03.19"]
[Round "10"]
[White "Casper"]
[Black "Zavgorodniy_Sergiy"]
[Result "0-1"]
[WhiteElo "2501"]
[BlackElo "2620"]
[TimeControl "180+1"]
[EndTime "9:55:46 PDT"]
[Termination "Zavgorodniy_Sergiy won on time"]

1. Nf3 d5 2. b3 Nf6 3. Bb2 e6 4. e3 Be7 5. c4 O-O 6. Nc3 b6 7. cxd5 exd5 8. g3 Bb7 9. Bg2 Nbd7 10. O-O c5 11. d4 Rc8 12. Rc1 a6 13. Re1 Re8 14. Re2 Bd6 15. Rec2 Qe7 16. Ne2 Ne4 17. Nf4 Ndf6 18. Nd3 Rc7 19. Nfe5 Rec8 20. f3 Ng5 21. Kf2 Ne6 22. Bh3 Rd8 23. Bxe6 Qxe6 24. Nf4 Qe7 25. Qd3 Rdc8 26. g4 h6 27. h4 Nd7 28. Nxd7 Qxh4+ 29. Kg2 Rxd7 30. Qf5 Rcd8 31. dxc5 bxc5 32. Rh1 Qe7 33.
Rxh6 gxh6 34. Bf6 Qxe3 35. Nh5 d4 36. Bxd8 Rxd8 37. Qf6 Bf8 38. Qxd8 Qxf3+ 39. Kh2 Qh1+ 40. Kg3 Qg1+ 41. Kh3 Bf3 42. Qh4 Qh1+ 43. Rh2 Qf1+ 44. Kg3 Bd6+ 45. Nf4 Be4 46. Qxh6 Qf3+ 47. Kh4 Bxf4 0-1

[Event "Early-Titled-Tuesday-Blitz-March-19-2024"]
[Site "Chess.com"]
[Date "2024.03.19"]
[Round "10"]
[White "KNVB"]
[Black "TERMINATOR_PC"]
[Result "1-0"]
[WhiteElo "2825"]
[BlackElo "2595"]
[TimeControl "180+1"]
[EndTime "9:55:47 PDT"]
[Termination "KNVB won by resignation"]

1. e4 e5 2. Nf3 Nc6 3. Nc3 Nf6 4. Nd5 Nxe4 5. d4 d6 6. Bc4 Be7 7. O-O O-O 8. Re1 Nf6 9. dxe5 dxe5 10. Nxe5 Nxd5 11. Qxd5 Qxd5 12. Bxd5 Nxe5 13. Rxe5 Bf6 14. Re1 Bf5 15. c3 c6 16. Bf3 Rad8 17. Be3 a6 18.
Rad1 g5 19. g3 Kg7 20. Rxd8 Rxd8 21. Rd1 Rxd1+ 22. Bxd1 g4 23. f3 h5 24. Kf2 Kf8 25.
Bc5+ Ke8 26. Ke3 Be5 27. Bd4 Bd6 28. Bf6 Kd7 29. Bd4 Ke6 30. Bb3+ Ke7 31. a3 c5 32. Bg7 f6 33. Bh6 b5 34. Bd5 a5 35. Bf4 b4 36.
axb4 axb4 37. cxb4 cxb4 38. fxg4 hxg4 39. Bxd6+ Kxd6 40. Kd4 Bc2 41. Bc4 f5 42. Bd5 Bd3 43. Bg2 Ba6 44. h4 gxh3 45. Bxh3 Bc8 46. Bg2 Be6 47. Bf3 Bf7 48. Be2 Ke7 49. Ke5 Be6 50. Bd3 Kf7 51. Bxf5 Bb3 52. g4 Kg7 53. g5 Bc4 54. Kd4 Be2 55.
Kc5 b3 56. Kb4 Bd1 57. Kc3 Kf7 58. Kd2 Bf3 59. Bd3 Kg7 60. Ke3 Bd1 61. Be4 Bg4 62. Bd5 Bd1 63. Kd2 Bc2 64. Kc3 Kg6 65. Bxb3 Bf5 66.
Bc2 Kxg5 67. Bxf5 Kxf5 68. Kd4 Ke6 69. Kc5 Kd7 70. Kb6 Kc8 71. b4 Kb8 72. b5 Kc8 73.
Ka7 1-0

[Event "Early-Titled-Tuesday-Blitz-March-19-2024"]
[Site "Chess.com"]
[Date "2024.03.19"]
[Round "10"]
[White "ATM622"]
[Black "FREDERICKtheMATE"]
[Result "0-1"]
[WhiteElo "2492"]
[BlackElo "2687"]
[TimeControl "180+1"]
[EndTime "9:55:47 PDT"]
[Termination "FREDERICKtheMATE won by checkmate"]

1. d4 c6 2. c4 d5 3. Nf3 Nf6 4. g3 e6 5. Bg2 dxc4 6. O-O b5 7. Qc2 Bb7 8. Rd1 Nbd7 9. a4 a6 10. b3 cxb3 11. Qxb3 Be7 12. Nc3 O-O 13. Ne5 Nd5 14.
Ne4 Qc7 15. Bd2 Nxe5 16. dxe5 Qxe5 17. Rac1 Rfd8 18. Ba5 Rdc8 19. Nc5 Bxc5 20. Rxc5 Qxe2 21. Re1 Qh5 22. Bf3 Qg6 23. h4 h6 24. h5 Qf6 25.
Qd3 Re8 26. Bd2 Rad8 27. Qb3 Rd7 28. Kg2 Qe7 29. Qa3 Red8 30. Qc1 Qf6 31. Ba5 Re8 32. Bd2 Qd8 33. Kh2 Nb6 34. Ba5 Qf6 35. Kg2 Nxa4 36. Rce5 c5 37. Bxb7 Rxb7 38. f4 Rd7 39. f5 c4 40.
fxe6 Rxe6 41. Rxe6 fxe6 42. Rf1 Qd4 43. Qe1 Qd5+ 44. Kg1 Rf7 45. Rxf7 Kxf7 46. Qf2+ Kg8 47. Bb4 Qxh5 48. Qf8+ Kh7 49. Qe7 Qg6 50. Kf2 c3 51. Qc7 c2 52. Ba3 Qf5+ 53. Ke3 h5 54. Kd2 Qd5+ 55.
Kc1 Qd1# 0-1

[Event "Early-Titled-Tuesday-Blitz-March-19-2024"]
[Site "Chess.com"]
[Date "2024.03.19"]
[Round "10"]
[White "BashiqChess"]
[Black "Crazy_girl99"]
[Result "0-1"]
[WhiteElo "2439"]
[BlackElo "2592"]
[TimeControl "180+1"]
[EndTime "9:55:47 PDT"]
[Termination "Crazy_girl99 won by resignation"]

1. Nf3 d5 2. b3 c5 3. e3 Nc6 4. Bb2 Qc7 5. Bb5 Bd7 6. c4 e6 7. cxd5 exd5 8. O-O Bd6 9. d4 cxd4 10.
Bxc6 bxc6 11. Qxd4 Ne7 12. Nc3 Nf5 13. Qd2 O-O 14.
e4 Bf4 15. Qc2 Ne7 16. g3 Bg4 17. Nh4 Bg5 18. Ng2 Bh3 19. Rfe1 Rad8 20. Rad1 Bg4 21.
Ra1 d4 22. Nb5 Qb6 23. Nxd4 Rxd4 24. Bxd4 Qxd4 25. h4 Bf6 26. Rac1 h5 27. Ne3 Bf3 28. Qc5 Qxe4 29. Nc4 Qg4 30. Nd2 Bd5 31. Rxe7 Qh3 32.
Re4 Rd8 33. Rce1 Kh7 34. Qe3 g6 35. Qd3 Bxe4 36. Qxe4 Rxd2 37. Qe8 Kg7 38. Qe3 Rxa2 39. Qf3 c5 40. Qd5 Bd4 41. Rf1 Qxg3+ 42. Qg2 Qxg2+ 43.
Kxg2 a5 44. Kg3 a4 45. bxa4 Rxa4 46. f3 Ra3 47. Rd1 Re3 48. Kf4 Re6 49. Rc1 Be3+ 0-1

[Event "Early-Titled-Tuesday-Blitz-March-19-2024"]
[Site "Chess.com"]
[Date "2024.03.19"]
[Round "10"]
[White "wild3000"]
[Black "Kostya0705"]
[Result "1-0"]
[WhiteElo "2447"]
[BlackElo "2553"]
[TimeControl "180+1"]
[EndTime "9:55:47 PDT"]
[Termination "wild3000 won by resignation"]

1. d4 Nf6 2. Nf3 d5 3. g3 g6 4. Bg2 Bg7 5. O-O O-O 6. b3 b6 7.
Bb2 Bb7 8. e3 Nbd7 9. Nbd2 c5 10. c4 dxc4 11. Nxc4 Qc7 12. Rc1 Rfd8 13. Qe2 Ba6 14.
Rfd1 Rac8 15. Nfe5 Nxe5 16. dxe5 Ne8 17. f4 Bb7 18. a4 a6 19. Bxb7 Qxb7 20. Qg2 Qa7 21. a5 bxa5 22. Nxa5 Qb6 23. Bc3 Nc7 24. Qc6 Qxc6 25.
Nxc6 Rxd1+ 26. Rxd1 Kf8 27. Ba5 Nb5 28. Rd8+ Rxd8 29. Bxd8 Ke8 30. Bb6 Kd7 31. Nb8+ Kc8 32. Nxa6 Kb7 33. Bxc5 Kxa6 34. Bxe7 Nc7 35. e4 Kb5 36.
Kf2 Ne6 37. Ke3 Bf8 38. Bxf8 Nxf8 39. Kd4 Kc6 40. Kc4 Nd7 41. b4 Nb6+ 42. Kd4 Kb5 43. e6 fxe6 44. Ke5 Kxb4 45. Kxe6 Kc4 46. Kf7 Kd4 47.
e5 g5 48. fxg5 Kxe5 49. Kg7 Kf5 50. h4 Nd5 51. Kxh7 Ne7 52. Kg7 Nd5 53. Kh6 Ne7 54.
Kg7 Nd5 55. g6 Nf6 56. Kf7 Nd7 57. g7 Ne5+ 58. Ke8 1-0

[Event "Early-Titled-Tuesday-Blitz-March-19-2024"]
[Site "Chess.com"]
[Date "2024.03.19"]
[Round "10"]
[White "GMKrikor"]
[Black "MightyMike_009"]
[Result "0-1"]
[WhiteElo "2871"]
[BlackElo "2731"]
[TimeControl "180+1"]
[EndTime "9:55:48 PDT"]
[Termination "MightyMike_009 won on time"]

1. Nf3 Nf6 2. c4 g6 3. Nc3 Bg7 4. e4 d6 5. d4 O-O 6. h3 e5 7.
dxe5 dxe5 8. Qxd8 Rxd8 9. Bg5 c6 10. Nxe5 Re8 11. O-O-O h6 12. Bf4 Na6 13. Nf3 Nxe4 14. Nxe4 Rxe4 15. Rd8+ Kh7 16. Be3 Bf6 17. Rd2 Re8 18.
Bd3 Be6 19. b3 Nb4 20. Bb1 a5 21. Nd4 a4 22. Nxe6 axb3 23. axb3 Rxe6 24. Rd7 Na2+ 25. Kd2 Re7 26. Rxe7 Bxe7 27. h4 Bb4+ 28. Kd3 Rd8+ 29.
Kc2 Nc3 30. h5 Nxb1 31. hxg6+ Kxg6 32. Rxh6+ Kg7 33. Kxb1 Rd3 34. Rh4 Rxb3+ 35. Kc2 Ra3 36. c5 Ba5 37. Bd4+ Kg6 38. Rg4+ Kf5 39. Rg7 Ke6 40.
Be3 Bd8 41. Rh7 Be7 42. Rh6+ Kd5 43. Rh5+ Kc4 44. Kd2 Ra2+ 45. Kc1 Bf6 46. Kb1 Kb3 47. Kc1 Bc3 48. Kd1 Kc4 49. Rh4+ Kd3 0-1

[Event "Early-Titled-Tuesday-Blitz-March-19-2024"]
[Site "Chess.com"]
[Date "2024.03.19"]
[Round "10"]
[White "NowInChess"]
[Black "Herzog2012"]
[Result "0-1"]
[WhiteElo "2278"]
[BlackElo "2537"]
[TimeControl "180+1"]
[EndTime "9:55:48 PDT"]
[Termination "Herzog2012 won by resignation"]

1. e4 c5 2. d3 Nc6 3. g3 e5 4.
Bg2 g6 5. f4 exf4 6. Bxf4 Bg7 7. c3 Nge7 8. Nf3 d5 9. O-O dxe4 10.
dxe4 Qxd1 11. Rxd1 Bg4 12. h3 Bxf3 13. Bxf3 Ne5 14.
Bg2 N7c6 15. Rd5 b6 16. Nd2 Ke7 17. Nf3 Nxf3+ 18. Bxf3 Rad8 19. Rad1 Rxd5 20. exd5 Ne5 21. Bxe5 Bxe5 22. Kf2 f5 23. Rd2 Kd6 24. c4 a6 25.
b3 Rb8 26. Rd1 b5 27. Be2 Bd4+ 28. Kf3 Re8 29. Rd3 b4 30. Bf1 a5 31. Rd2 Re1 32.
Kg2 Be5 33. Re2 Rc1 34. g4 f4 35. Rd2 g5 36. Be2 h6 37. Bf3 Bc3 38. Re2 Be5 39. Be4 Rc3 40. Bf3 a4 41. bxa4 Rxc4 42. Be4 Rc3 43. Rc2 Rg3+ 44. Kh2 f3 45. Rf2 Rg2+ 46.
Kh1 Rxf2 0-1

[Event "Early-Titled-Tuesday-Blitz-March-19-2024"]
[Site "Chess.com"]
[Date "2024.03.19"]
[Round "10"]
[White "jocmil"]
[Black "Likvidator228"]
[Result "1-0"]
[WhiteElo "2761"]
[BlackElo "2582"]
[TimeControl "180+1"]
[EndTime "9:55:49 PDT"]
[Termination "jocmil won by resignation"]

1. e4 c5 2. Nc3 g6 3. d4 cxd4 4. Qxd4 Nf6 5. e5 Nc6 6. Qf4 Nh5 7. Qe4 Bg7 8. g4 f5 9. gxf5 d5 10. Qxd5 Bxf5 11. Bg2 Qxd5 12. Nxd5 O-O-O 13. Be3 Bxe5 14. O-O-O e6 15. Nc3 Rxd1+ 16. Kxd1 Rd8+ 17. Kc1 Nf4 18. Bxc6 bxc6 19. Nf3 Bb8 20. Nd4 Kb7 21. Nb3 Be5 22.
Na5+ Kc7 23. Nc4 Bxc3 24. Bxf4+ e5 25. Bxe5+ Bxe5 26. Nxe5 Rd4 27. f3 Kd6 28. Re1 Rh4 29. Re2 Rh3 30. Kd2 Be6 31. c4 Rh5 32. c5+ Kxc5 33. Nd3+ Kd6 34. Rxe6+ Kxe6 35. Nf4+ Ke5 36. Nxh5 gxh5 37. Ke3 c5 38. f4+ Kf5 39. Kf3 h4 40. h3 a5 41. b3 Ke6 42. Ke4 h6 43. f5+ Kf6 44. Kf4 Ke7 45. Ke5 Kf7 46. f6 h5 47.
Kf5 a4 48. Kg5 c4 49. bxc4 a3 50. Kf5 Kf8 51. c5 Kf7 52. Ke5 Ke8 53. Ke6 Kd8 54.
f7 Kc7 55. f8=Q 1-0